Description

Generated with CarbonTwelve's Starcraft Fusion.

It's very simple way to take a victory versus an unprepared terran player. However, it can be successfully used against a zerg player as well.

The orbital station has 50 energy as the medivacs approach the opponent's base. This energy must be used for a scanner sweep on the natural base to spot all missile turrets AND all siege tanks in the static mode (if any). The best site for the drop is behind the minerals line, but anyway it must be wisely chosen on the basis of the scanning info.

Suggestions regarding further play. Once the drop is sent out build the 2nd CC and the barracks tech lab. The starport reactor may be useful as well. Spend free resources for extra siege tanks and marines. Research stimpacks as soon as you can. All of this may be handful in case you need the second drop to finish the opponent.

Build Order

Get SALT Encoding   

  13  0:02  SCV  
  14  0:14  SCV  
  14  0:17  Supply Depot  
  15  0:26  SCV  
  15  0:28  Refinery  
  15  0:41  Barracks  
  16  0:45  SCV  
  16  0:50  Action (Move SCVs to Gas)  
  17  0:57  SCV  
  17  0:58  Refinery  
  18  1:09  SCV  
  19  1:21  SCV  
  19  1:23  Action (Move SCVs to Gas)  
  21  1:28  Factory, Marine  
  22  1:34  SCV  
  23  1:46  SCV  
  23  1:47  Supply Depot  
  23  1:58  Orbital Command  
  24  2:00  Marine  
  24  2:11  Starport  
  25  2:18  Factory Tech Lab, Marine  
  25  2:24  Action (Call MULE)  
  29  2:36  Marine, Siege Tank  
  29  2:39  Barracks  
  31  2:47  Medivac  
  31  2:50  Supply Depot  
  32  2:53  Marine  
  36  3:12  Marine, Siege Tank  
  36  3:14  Supply Depot  
  38  3:18  Medivac  
  39  3:26  Marine  
  40  3:30  Marine  
  41  3:35  SCV  
Spawning Tool Build Advisor. Get it on Overwolf

Analysis

What we must have by 3:50 is as follows.

Income: 516M 228G

Buildings: 1 Orbital Command, 2 Refineries, 4 Supply Depots, 2 Barracks, 1 Factory With Tech Lab, 1 Starport.

Units: 19 SCVs, 8 Marines, 2 Siege Tanks, 2 Medivacs.

Go to:

Details

  • Created by: Turir
  • Published on: Mar 14, 2017
  • Modified on: Apr 11, 2017
  • Patch: 3.8.0
Show
View Real Time Build Order
Export as new Build Order

Comments (4)

On April 28, 2018, 4:23 a.m., shadybear18  said:

Here is a modification of the above that landed me at 3:52
https://lotv.spawningtool.com/36514/
Just download the replay and watch.

On Feb. 16, 2018, 12:47 p.m., ShynnSup  said:

@PashkaTLT The build is not correctly outlined. Note that at 2:50 There are only 2 supplies down. That means 31 total supply. With the medivac you reach 31/31, make new supply but after 3 secs he makes a marine.... Not possible. Or is he using orbital calldown and not noted?

On Aug. 16, 2017, 12:10 p.m., PashkaTLT  said:

I couldn't manage to make it earlier than 4:05 though (and I was in Diamond league)... Can someone post a replay with making it before 4:00?

On Aug. 13, 2017, 4:08 p.m., PashkaTLT  said:

Good build order, I am a protoss player, who decided to try terran and with this build I've won my first 3 games as a terran in a row.

Create an account to comment!